 Dungeon Crawl Stone Soup version 0.28-a0-773-g130ae17fe5 (webtiles) character file.

Game seed: 6668982842128211187

180838 MirrMurr the Unseen (level 17, -24/86 HPs)
             Began as a Spriggan Enchanter on Nov 1, 2021.
             Was the Champion of Dithmenos.
             Annihilated by a spriggan berserker (40 damage)
             ... on level 3 of the Swamp on Nov 2, 2021.
             The game lasted 01:59:25 (43705 turns).

MirrMurr the Unseen (Spriggan Enchanter)           Turns: 43705, Time: 01:59:26

Health: -24/86     AC: 11    Str:  9    XL:     17   Next: 65%
Magic:  14/28      EV: 27    Int: 18    God:    Dithmenos [******]
Gold:   3867       SH:  8    Dex: 16    Spells: 6/28 levels left

rFire   . . .      SeeInvis +   a - +9 quick blade (venom)
rCold   . . .      Faith    .   V - +0 buckler
rNeg    . . .      Spirit   .   D - +0 acid dragon scales
rPois   +          Reflect  .   u - +2 hat {SInv}
rElec   .          Harm     .   C - +2 cloak
rCorr   +          Rampage  .   (gloves unavailable)
Will    ++...                   (boots unavailable) Stlth ***+++++++
                                T - amulet of regeneration
HPRegen 1.24/turn               Q - ring of flight
MPRegen 0.21/turn               v - ring of poison resistance

@: confusing by touch, flying, wreathed by umbra, studying Maces & Flails, very
quick
A: very small, no large weapons, unfitting armour, see invisible, speed 3
a: Renounce Religion, Shadow Step, Shadow Form


You were on level 3 of the Swamp.
You worshipped Dithmenos.
Dithmenos was exalted by your worship.
You visited 5 branches of the dungeon, and saw 27 of its levels.
You also visited: Bailey and Gauntlet.

You collected 5017 gold pieces.
You spent 1150 gold pieces at shops.

Inventory:

Hand Weapons
 a - a +9 quick blade of venom (weapon)
 b - a +1 dagger of venom
 l - a +0 hunting sling
Missiles
 d - 696 stones (quivered)
 h - 148 poisoned darts
 o - 127 sling bullets
 r - 21 boomerangs
 t - 15 curare-tipped darts
 K - a throwing net
Armour
 u - a +2 hat of see invisible (worn)
 w - +0 swamp dragon scales
 C - a +2 cloak (worn)
 D - +0 acid dragon scales (worn)
 V - a +0 buckler (worn)
Jewellery
 p - a ring of fire
 v - a ring of poison resistance (right hand)
 B - a ring of protection from cold
 Q - a ring of flight (left hand)
 T - an amulet of regeneration (around neck)
 X - a +6 ring of intelligence
Wands
 j - a wand of digging (3)
 s - a wand of iceblast (12)
 A - a wand of polymorph (16)
 G - a wand of mindburst (15)
 L - a wand of flame (29)
 O - a wand of paralysis (11)
Scrolls
 f - 15 scrolls of teleportation
 i - 5 scrolls of identify
 k - 3 scrolls of blinking
 m - 7 scrolls of enchant weapon
 n - a scroll of magic mapping
 y - 3 scrolls of brand weapon
 E - 2 scrolls of fog
 M - 4 scrolls of enchant armour
 N - 2 scrolls of immolation
 W - 3 scrolls of fear
 Y - 3 scrolls of silence
Potions
 e - 2 potions of might
 g - 12 potions of curing
 q - 4 potions of flight
 z - 4 potions of lignification
 F - a potion of cancellation
 H - 3 potions of brilliance
 I - 9 potions of heal wounds
 J - 2 potions of haste
 P - a potion of magic
 S - 4 potions of mutation
 U - a potion of resistance
Miscellaneous
 c - a condenser vane
 x - a phantom mirror
 R - a lightning rod (4/4)


   Skills:
 + Level 8.9 Fighting
 - Level 10.0 Short Blades
 + Level 17.7 Dodging
 + Level 18.7 Stealth
 - Level 7.2 Shields
 - Level 6.0 Spellcasting
 - Level 15.0 Hexes
 + Level 1.6 Necromancy
 + Level 1.6 Air Magic
 * Level 13.6 Invocations
 - Level 6.9 Evocations


You had 6 spell levels left.
You knew the following spells:

 Your Spells              Type           Power      Damage    Failure   Level
a - Ensorcelled Hibernat  Hex/Ice        64%        N/A       1%          2
b - Confusing Touch       Hex            56%        N/A       1%          3
c - Tukima's Dance        Hex            56%        N/A       1%          3
d - Dazzling Flash        Conj/Hex       64%        N/A       2%          3
e - Airstrike             Air            5%         N/A       71%         4
f - Dispel Undead         Necr           11%        3d9       71%         4
g - Frozen Ramparts       Ice            10%        1d3       52%         3

Your spell library contained the following spells:

 Spells                   Type           Power      Damage    Failure   Level
 Portal Projectile        Hex/Tloc       64%        N/A       2%          3
 Leda's Liquefaction      Hex/Erth       16%        N/A       9%          4
 Shock                    Conj/Air       32%        1d5       14%         1
 Corpse Rot               Necr/Air       22%        N/A       16%         2
 Sublimation of Blood     Necr           11%        N/A       16%         2
 Freeze                   Ice            20%        1d4       21%         1
 Static Discharge         Conj/Air       8%         N/A       22%         2
 Wereblood                Tmut           5%         N/A       30%         2
 Swiftness                Air            11%        N/A       30%         3
 Call Canine Familiar     Summ           5%         N/A       52%         3
 Hailstorm                Conj/Ice       5%         3d4       89%         4
 Iskenderun's Mystic Bla  Conj/Tloc      5%         2d3       89%         4
 Sticky Flame             Conj/Fire      5%         2d3       89%         4
 Death Channel            Necr           5%         N/A       100%        6
 Starburst                Conj/Fire      2%         6d3       100%        6
 Summon Hydra             Summ           2%         N/A       100%        7


Dungeon Overview and Level Annotations

Branches:
Dungeon (15/15)            Temple (1/1) D:5            Lair (6/6) D:9
  Swamp (3/4) Lair:3        Snake (0/4) Lair:4        Slime (0/5) Lair:5
    Orc (2/2) D:9             Elf (0/3) Orc:2        Vaults (0/5) D:13
 Depths (0/4) D:15         Bailey (visited)         Gauntlet (visited)

Altars:
Ashenzari
Cheibriados
Dithmenos
Elyvilon
Fedhas
Gozag
Hepliaklqana
Kikubaaqudgha
Makhleb
Nemelex Xobeh
Okawaru
Qazlal
Ru
Sif Muna
Trog
Uskayaw
Vehumet
Wu Jian
Xom
Yredelemnul
Zin
The Shining One

Shops:
D:1 ?   D:2 (*((=   D:15 *(   Orc:1 *   Orc:2 :(?*

Portals:
Pandemonium: Orc:2

Annotations:
D:7 exclusion: statue
D:8 loot?
D:13 exclusion: 4 vault guards
D:15 Roxanne


Innate Abilities, Weirdness & Mutations

You are very small and have problems with some larger weapons.
You are too small for most types of armour.
You have supernaturally acute eyesight. (SInv)
You cover ground extremely quickly. (Speed+++)


Message History

You puncture the swamp worm!
You kill the swamp worm!
Dithmenos accepts your kill.
You start resting.
HP restored.
You start resting.
Magic restored.
You start waiting.
Done waiting.
You see here a hydra skeleton.
There is a stone staircase leading up, spattered with blood here.
Casting: Confusing Touch (safe; 1% risk of failure)
Confirm with . or Enter, or press ? or * to list all spells.
Your hands begin to glow red.
You fly upwards.
There is a stone staircase leading down here.
The spriggan berserker mumbles some strange prayers to Trog.
The spriggan berserker goes berserk!
There is a stone staircase leading down here.
There are no items here.
The spriggan air mage waves its arms in wide circles.
The air twists around and strikes you!
The spriggan berserker completely misses you.
The spriggan berserker hits you with a +2 antimagic quarterstaff!!!
Ouch! That really hurt!
* * * LOW HITPOINT WARNING * * *
You emit a cloud of dark smoke.
You feel your power leaking away.
The spriggan air mage waves its arms in wide circles.
The air twists around and strikes you!
* * * LOW HITPOINT WARNING * * *
You emit a cloud of dark smoke.
You fly downwards.
There is a stone staircase leading up, spattered with blood here.
Unknown command.
The spriggan berserker completely misses you.
You block the spriggan berserker's attack.
The spriggan berserker rages.
The spriggan berserker hits you with a +2 antimagic quarterstaff!!!
You die...

♣≈..≈≈≈≈.....♣ ♣♣.≈≈....≈.≈≈..
♣♣ ♣♣♣♣≈.≈..♣.§...≈.. ♣♣.
♣♣♣♣≈...≈.≈♣♣≈≈..≈>....
♣♣♣♣.≈♣♣♣..$......≈≈≈.≈.§...≈≈.
.≈......≈.≈≈.♣..§≈≈.≈≈≈≈....≈≈≈
...≈≈≈≈≈≈[≈.....≈≈≈≈≈≈≈≈.≈≈♣.≈≈
≈.(≈≈≈§÷.≈)≈...≈≈≈≈≈≈≈≈≈..♣≈.≈≈
..≈≈≈≈†≈≈≈≈≈≈.@i.≈≈≈÷≈§...≈♣≈..
≈≈..≈≈≈≈≈§§≈.≈.....<♣♣♣.≈.≈.♣≈.
.≈≈≈≈.≈≈≈≈≈≈.≈.....(≈♣♣♣.≈≈.♣♣°
.≈≈..♣...≈≈≈≈.≈§§≈≈≈.♣♣§...§♣Z°
...≈≈♣♣♣♣≈≈≈≈≈≈≈≈≈...≈♣.≈♣♣♣♣°°
.♣.≈. ♣..≈≈§≈≈≈≈≈...≈.≈♣ ♣°°
♣♣♣ ♣♣≈.≈≈≈≈≈≈≈≈≈≈≈≈≈.♣ ♣♣.
♣≈...≈≈§.....≈≈≈≈≈♣ ♣♣
♣♣♣♣≈.≈.≈≈≈≈....≈....♣


You could see a spriggan berserker (berserk).

Vanquished Creatures
  Gastronok (D:11)
  Louise (D:15)
  A caustic shrike skeleton (D:15)
  A minotaur (Gauntlet)
  6 bunyips
  2 eleionomae (Swamp:2)
  Josephine (D:12)
  4 boulder beetles
  Fannar (D:12)
  14 hydras
  2 demonspawn (Orc:2)
  A shambling mangrove (Swamp:1)
  2 ghost crabs
  Erica (D:8)
  An ogre mage (D:11)
  5 alligators
  A death knight (D:15)
  3 catoblepae (Lair:6)
  6 centaur warriors
  10 death yaks
  A vampire mage (D:15)
  4 orc high priests (Orc:2)
  6 two-headed ogres
  Sonja (Lair:2)
  Urug (D:11)
  3 sixfirhies (Gauntlet)
  12 skeletal warriors
  4 goliath frogs
  3 spriggan druids
  2 swamp dragons (Swamp:1)
  6 orc knights
  Pikel (D:7)
  3 bog bodies
  3 deep elf pyromancers
  A necromancer (D:15)
  9 ugly things
  10 orc sorcerers
  A will-o-the-wisp (Swamp:1)
  4 cyclopes
  7 manticores
  9 elephants
  A smoke demon (Orc:2)
  A torpor snail (Lair:5)
  9 black mambas
  An orange demon (Orc:2)
  A gargoyle (D:15)
  A rust devil (Orc:2)
  12 cane toads
  5 unseen horrors
  A spriggan zombie (D:15)
  2 rime drakes
  An efreet (D:15)
  9 komodo dragons
  A tengu conjurer (D:14)
  A meliai (shapeshifter) (D:13)
  5 polar bears
  A guardian mummy (D:15)
  3 meliai (D:13)
  4 tyrant leeches
  6 hornets
  A red devil (Orc:2)
  4 trolls
  Prince Ribbit (D:7)
  13 blink frogs
  A raiju (Gauntlet)
  An ettin zombie (D:15)
  13 spriggans
  2 shadows
  2 ynoxinuls (Orc:2)
  10 wraiths
  6 basilisks
  37 yaks
  Eustachio (D:5)
  4 wyverns
  4 steam dragons
  12 vampire mosquitoes
  15 swamp worms
  2 acid dragons (D:9)
  2 wargs
  2 hell hounds (Gauntlet)
  18 water moccasins
  5 black bears
  60 orc warriors
  2 sky beasts (D:8)
  4 swamp drakes (Swamp:1)
  A necrophage (D:6)
  2 ice beasts
  12 wolves
  10 ogres
  15 centaurs
  2 lemures (D:7)
  Blork the orc (D:4)
  3 kobold brigands
  17 bullfrogs
  2 scorpions (D:6)
  3 killer bees (D:9)
  3 howler monkeys (D:11)
  12 wights
  5 electric eels
  A lava snake (D:14)
  A bullfrog zombie (D:5)
  4 centaur zombies
  4 jellies (Lair:5)
  3 centaur skeletons
  6 hounds
  2 bullfrog skeletons
  37 orc priests
  2 iguanas
  26 orc wizards
  Terence (D:2)
  A howler monkey skeleton (D:5)
  10 adders
  A shadow imp (D:8)
  An ufetubus (D:6)
  An adder skeleton (D:4)
  6 dart slugs
  113 orcs
  2 ball pythons
  4 bats
  4 endoplasms
  6 giant cockroaches
  15 goblins
  9 hobgoblins
  4 jackals (D:2)
  4 quokkas
  3 frilled lizards
  13 kobolds
  3 rats
817 creatures vanquished.

Vanquished Creatures (collateral kills)
  3 two-headed ogres (D:11)
  3 yaks (Lair:6)
  3 orc warriors (D:11)
  2 wights
  An orc wizard (D:11)
  3 orcs
15 creatures vanquished.

Vanquished Creatures (others)
  A will-o-the-wisp (Swamp:3)
  A bloated husk (Swamp:3)
  10 dancing weapons
  A bush (Lair:4)
  14 demonic plants (Gauntlet)
  2 foxfires (Swamp:3)
  12 fungi
  32 plants
  3 withered plants (D:15)
76 creatures vanquished.

Grand Total: 908 creatures vanquished

Notes
Turn   | Place    | Note
-------+----------+-------------------------------------------
     0 | D:1      | MirrMurr the Spriggan Enchanter began the quest for the
                  | Orb.
     0 | D:1      | Reached XP level 1. HP: 9/9 MP: 5/5
    25 | D:1      | Found Rafoq's Magic Scroll Emporium.
   843 | D:1      | Reached skill level 5 in Stealth
   843 | D:1      | Reached XP level 2. HP: 12/13 MP: 6/6
   846 | D:1      | Learned a level 2 spell: Ensorcelled Hibernation
  2237 | D:1      | Found Goysok's Armour Emporium.
  2579 | D:1      | Bought a scroll of identify for 24 gold pieces
  2649 | D:2      | Reached XP level 3. HP: 16/16 MP: 8/8
  2653 | D:2      | Learned a level 3 spell: Confusing Touch
  2792 | D:2      | Found Meaxt's Antique Weapon Emporium.
  2823 | D:2      | Noticed Terence
  2873 | D:2      | Killed Terence
  2874 | D:2      | Reached skill level 6 in Stealth
  2949 | D:2      | Found Aguc's General Store.
  2995 | D:2      | Reached XP level 4. HP: 13/21 MP: 0/9
  3004 | D:2      | Learned a level 3 spell: Tukima's Dance
  3294 | D:2      | Found a faded altar of an unknown god.
  3475 | D:2      | Found Jiugav's Jewellery Emporium.
  3475 | D:2      | Found Peufyif's Weapon Shoppe.
  3572 | D:2      | Found Icroeru's Weapon Emporium.
  4351 | D:3      | Reached skill level 7 in Stealth
  4445 | D:3      | Reached XP level 5. HP: 24/24 MP: 10/10
  4892 | D:4      | Identified a scroll of acquirement
  4892 | D:4      | Acquired a +4 quick blade
  4907 | D:4      | Noticed a black bear
  4918 | D:4      | Killed a black bear
  5086 | D:4      | Reached skill level 8 in Stealth
  5086 | D:4      | Reached XP level 6. HP: 28/28 MP: 11/11
  5093 | D:4      | Noticed Blork the orc
  5107 | D:4      | Killed Blork the orc
  5108 | D:4      | Reached skill level 5 in Short Blades
  5806 | D:4      | Found an iron altar of Okawaru.
  5807 | D:4      | Found an ancient bone altar of Kikubaaqudgha.
  5881 | D:4      | Found a sacrificial altar of Ru.
  5883 | D:4      | Found a shimmering blue altar of Sif Muna.
  5940 | D:5      | Entered Level 5 of the Dungeon
  5966 | D:5      | Noticed Eustachio
  5972 | D:5      | Killed Eustachio
  5973 | D:5      | Reached skill level 5 in Hexes
  5973 | D:5      | Reached XP level 7. HP: 32/32 MP: 12/14
  6003 | D:5      | Found a staircase to the Ecumenical Temple.
  6017 | Temple   | Entered the Ecumenical Temple
  6222 | Temple   | Became a worshipper of Dithmenos the Shadowed
  7057 | D:6      | Noticed a hornet
  7142 | D:6      | Reached skill level 1 in Fighting
  7142 | D:6      | Reached XP level 8. HP: 37/37 MP: 15/15
  7154 | D:6      | Found a snail-covered altar of Cheibriados.
  7288 | D:6      | Killed a hornet
  7289 | D:6      | Reached skill level 5 in Dodging
  7858 | D:6      | Reached * piety under Dithmenos
  7859 | D:6      | Reached XP level 9. HP: 23/45 MP: 2/16
  8261 | D:6      | Reached skill level 1 in Shields
  8819 | D:7      | Learned a level 3 spell: Dazzling Flash
  8914 | D:7      | Noticed Pikel
  8974 | D:7      | Killed Pikel
  8993 | D:7      | Reached skill level 9 in Stealth
  9284 | D:7      | Found a radiant altar of Vehumet.
  9495 | D:7      | Noticed Prince Ribbit
  9503 | D:7      | Killed Prince Ribbit
 10041 | D:8      | Noticed a troll
 10060 | D:8      | Killed a troll
 10061 | D:8      | Reached XP level 10. HP: 49/49 MP: 17/17
 10205 | D:8      | Found a flagged portal.
 10221 | Bailey   | Entered a bailey
 10431 | Bailey   | Reached skill level 10 in Stealth
 11037 | Bailey   | Reached ** piety under Dithmenos
 11608 | Bailey   | Noticed an orc knight
 11688 | Bailey   | Killed an orc knight
 11689 | Bailey   | Reached skill level 10 in Dodging
 11939 | Bailey   | Identified the +2 morningstar of Alli Tyh {antimagic, Fly
                  | rElec rPois Stlth-}
 11973 | D:8      | Reached skill level 5 in Shields
 12029 | D:8      | Reached skill level 11 in Stealth
 12164 | D:8      | Noticed Erica
 12171 | D:8      | Killed Erica
 12622 | D:9      | Reached XP level 11. HP: 46/53 MP: 18/18
 12732 | D:9      | Found an opulent altar of Gozag.
 12829 | D:9      | Reached *** piety under Dithmenos
 12990 | D:9      | Found a staircase to the Lair.
 13027 | D:9      | Reached skill level 12 in Stealth
 13209 | D:9      | Found a staircase to the Orcish Mines.
 13266 | D:10     | Entered Level 10 of the Dungeon
 13621 | D:10     | Noticed a skeletal warrior
 13624 | D:10     | Noticed a skeletal warrior
 13624 | D:10     | Noticed a skeletal warrior
 13624 | D:10     | Noticed a skeletal warrior
 13624 | D:10     | Noticed a skeletal warrior
 15046 | D:10     | Found a burning altar of Makhleb.
 15046 | D:10     | Noticed a blizzard demon
 15512 | D:11     | Reached **** piety under Dithmenos
 16029 | D:11     | Noticed a two-headed ogre
 16031 | D:11     | Noticed a two-headed ogre
 16038 | D:11     | Noticed a two-headed ogre
 16059 | D:11     | Killed a two-headed ogre
 16060 | D:11     | Reached skill level 1 in Invocations
 16069 | D:11     | Killed a two-headed ogre
 16083 | D:11     | Reached skill level 5 in Spellcasting
 16173 | D:11     | Noticed an ogre mage
 16175 | D:11     | Noticed a two-headed ogre
 16330 | D:11     | Noticed a two-headed ogre
 16338 | D:11     | Killed a two-headed ogre
 16455 | D:11     | Noticed Gastronok
 16482 | D:11     | Killed Gastronok
 16483 | D:11     | Reached XP level 12. HP: 23/58 MP: 21/21
 16877 | D:11     | Noticed a two-headed ogre
 16938 | D:11     | Paralysed by an ogre mage for 2 turns
 17081 | Lair:1   | Entered Level 1 of the Lair of Beasts
 17380 | Lair:1   | Noticed an eight-headed hydra
 17388 | Lair:1   | Killed an eight-headed hydra
 17389 | Lair:1   | Reached skill level 13 in Stealth
 17784 | Lair:1   | Noticed a five-headed hydra
 17839 | Lair:1   | Reached skill level 5 in Fighting
 17891 | Lair:1   | Killed a five-headed hydra
 18464 | Lair:2   | Noticed Sonja
 18484 | Lair:2   | Killed Sonja
 18746 | Lair:2   | Noticed an eight-headed hydra
 18754 | Lair:2   | Killed an eight-headed hydra
 18954 | Lair:2   | Learned a level 4 spell: Airstrike
 19106 | Lair:2   | Noticed a four-headed hydra
 19161 | Lair:2   | Killed a four-headed hydra
 19219 | Lair:2   | Reached skill level 10 in Hexes
 19234 | Lair:2   | Reached ***** piety under Dithmenos
 19235 | Lair:2   | Reached skill level 14 in Stealth
 19425 | Lair:2   | Noticed an eight-headed hydra
 19458 | Lair:2   | Reached XP level 13. HP: 65/65 MP: 23/23
 19632 | Lair:2   | Reached skill level 5 in Invocations
 20624 | Lair:3   | Reached skill level 10 in Short Blades
 20952 | Lair:3   | Identified the +0 quarterstaff of Compound Interest {drain,
                  | *Noise rCorr Str+4 Stlth+}
 21431 | Lair:3   | Acquired 686 gold pieces
 21676 | Lair:3   | Found a staircase to the Swamp.
 22022 | Lair:4   | Reached skill level 15 in Stealth
 22192 | Lair:4   | Found a staircase to the Snake Pit.
 23283 | Lair:5   | Identified the amulet "Vuci Ure" {Acrobat rF+ Will+ Int-2}
 23309 | Lair:5   | Found a staircase to the Slime Pits.
 24262 | Lair:6   | Entered Level 6 of the Lair of Beasts
 24285 | Lair:6   | Reached skill level 15 in Dodging
 24438 | Lair:6   | Reached XP level 14. HP: 70/70 MP: 24/24
 25483 | Lair:6   | HP: 3/70 [death yak (25)]
 25504 | Lair:6   | Reached ****** piety under Dithmenos
 26993 | Lair:6   | Learned a level 4 spell: Dispel Undead
 27884 | D:10     | Found a burning altar of Makhleb.
 28674 | D:11     | Noticed Urug
 28676 | D:11     | Killed Urug
 29647 | D:12     | Noticed Fannar
 29985 | D:12     | Noticed Josephine
 30018 | D:12     | Killed Josephine
 30019 | D:12     | Reached skill level 16 in Stealth
 30154 | D:12     | Reached skill level 10 in Invocations
 30397 | D:12     | Killed Fannar
 31064 | D:13     | Found a shimmering altar of Xom.
 31080 | D:13     | Reached XP level 15. HP: 54/75 MP: 25/25
 31387 | D:13     | Found a gate leading to a gauntlet.
 31404 | Gauntlet | Entered a Gauntlet
 31404 | Gauntlet | Found a transporter.
 31404 | Gauntlet | Found a transporter.
 31404 | Gauntlet | Found a transporter.
 31424 | Gauntlet | Found a transporter.
 31438 | Gauntlet | Found a transporter.
 31438 | Gauntlet | Found a transporter.
 31448 | Gauntlet | Found a transporter.
 31469 | Gauntlet | Found a transporter.
 31486 | Gauntlet | Found a transporter.
 31490 | Gauntlet | Found a transporter.
 31502 | Gauntlet | Found a transporter.
 31504 | Gauntlet | Found a transporter.
 31865 | Gauntlet | Identified the +2 hat "Fafryib Somo" {rC- Int+3 Dex+4 SInv}
 31899 | Gauntlet | Identified the +2 pair of boots of the Fiddle {rPois rC+
                  | rN+}
 32374 | D:13     | Found a gate to the Vaults.
 32427 | D:13     | Found a shimmering blue altar of Sif Muna.
 33513 | D:14     | Identified the +1 robe "Feh Jescho" {rElec rN+}
 33702 | D:14     | Reached skill level 17 in Stealth
 34073 | D:15     | Entered Level 15 of the Dungeon
 34466 | D:15     | Found Zidd's Pet Rocks.
 34542 | D:15     | Found a staircase to the Depths.
 34710 | D:15     | Noticed Roxanne
 34860 | D:15     | Found Qeing's Weapon Boutique.
 35092 | D:15     | Acquired 1287 gold pieces
 35282 | D:15     | Noticed Louise
 35297 | D:15     | Killed Louise
 35804 | Orc:1    | Entered Level 1 of the Orcish Mines
 35840 | Orc:1    | Found Vaofix's General Store.
 36016 | Orc:1    | Paralysed by an orc sorcerer for 3 turns
 36528 | Orc:2    | Entered Level 2 of the Orcish Mines
 36929 | Orc:2    | Found a staircase to the Elven Halls.
 37516 | Orc:2    | Found Wohir's Magic Scroll Shop.
 38227 | Orc:2    | Found Nenen's General Store.
 38912 | Orc:2    | Upgraded the game from 0.28-a0-771-g91a516d0e7 to
                  | 0.28-a0-773-g130ae17fe5
 39454 | Orc:2    | Reached XP level 16. HP: 81/81 MP: 16/26
 39937 | Orc:2    | Found Honisux's Antique Weapon Shoppe.
 39937 | Orc:2    | Found a one-way gate leading to the halls of Pandemonium.
 39937 | Orc:2    | Found Meibeuzeid's Book Emporium.
 40260 | Swamp:1  | Entered Level 1 of the Swamp
 40310 | Swamp:1  | Learned a level 3 spell: Frozen Ramparts
 40342 | Swamp:1  | Reached skill level 18 in Stealth
 40747 | Orc:2    | Bought a scroll of identify for 22 gold pieces
 40747 | Orc:2    | Bought a scroll of identify for 22 gold pieces
 40747 | Orc:2    | Bought 2 scrolls of identify for 44 gold pieces
 40919 | D:1      | Bought a scroll of identify for 24 gold pieces
 40919 | D:1      | Bought a scroll of teleportation for 36 gold pieces
 40919 | D:1      | Bought a scroll of blinking for 90 gold pieces
 40919 | D:1      | Bought a scroll of fear for 42 gold pieces
 40919 | D:1      | Bought a scroll of teleportation for 36 gold pieces
 40919 | D:1      | Bought a scroll of brand weapon for 240 gold pieces
 40919 | D:1      | Bought 3 scrolls of silence for 270 gold pieces
 40919 | D:1      | Bought a scroll of blinking for 90 gold pieces
 40919 | D:1      | Bought a scroll of identify for 24 gold pieces
 40919 | D:1      | Bought a scroll of enchant armour for 90 gold pieces
 40919 | D:1      | Bought a scroll of identify for 24 gold pieces
 40919 | D:1      | Bought a scroll of identify for 24 gold pieces
 40919 | D:1      | Bought 2 scrolls of identify for 48 gold pieces
 41361 | Swamp:2  | You are sucked into a shaft and drop 1 floor!
 41393 | Swamp:2  | Found a sparkling altar of Nemelex Xobeh.
 41450 | Swamp:2  | Reached skill level 15 in Hexes
 42455 | Swamp:2  | Reached XP level 17. HP: 86/86 MP: 22/28
 42985 | Swamp:3  | Reached skill level 1 in Air Magic
 43064 | Swamp:3  | Reached skill level 1 in Necromancy
 43365 | Swamp:3  | Identified the +0 helmet of Xaniguh {rF- rC+ Will++ Str+3}
 43448 | Swamp:2  | HP: 1/86 [spriggan air mage/the air (17)]
 43705 | Swamp:3  | Annihilated by a spriggan berserker

Illustrated notes

Levels and vault maps discovered:
D:1:      dpeg_arrival_lava_temple_mockup, layout_basic, serial_shops,
          nicolae_shop_crystal, nicolae_square_shop, st_stairs_1
D:2:      layout_loops_ring, shapermc_ecumenical_altar_mp_vishouse,
          serial_shops, shop, nicolae_shop_crystal,
          nicolae_shop_competitors_out_of_business, shop, shop,
          minmay_misc_feat_chi, kennysheep_path_1, minmay_misc_feat_pillars,
          minmay_liquid_box, hangedman_glass_teeth, uniq_terence
D:3:      layout_loops_ring, minmay_distorted
D:4:      layout_loops_ring, nicolae_overflow_hidden_temple, minivault_4,
          uniq_blork_the_orc
D:5:      layout_loops_ring, temple_fountains, uniq_eustachio
D:6:      layout_basic, kennysheep_slug_shrine, serial_co_window_serial,
          co_window_paths_a, co_window_paths_b, co_window_of_opportunity_a,
          co_window_paths_a, co_window_of_opportunity_a, co_window_corner_a,
          co_window_paths_a, co_window_broadway_c, co_window_cross_2,
          co_window_2corner, co_window_4corner_a, glass_columns_a,
          glass_columns_a, hangedman_decor_push, minmay_strange_pillars
D:7:      minmay_skewed_foursquare, layout_rooms, vehumet_statue,
          hangedman_decor_lopped, uniq_menkaure, uniq_pikel, uniq_prince_ribbit1
D:8:      lemuel_ice_spiral_2, layout_basic, enter_bailey_3,
          minmay_misc_feat_hallway, uniq_erica
D:9:      layout_basic, kennysheep_little_box, erik_lair_island, orc_0_dummy
D:10:     layout_loops_cross, makhleb_altar_promises_db, grunt_ministairs_9,
          kennysheep_crisscross, grunt_decor_arrowhead
D:11:     layout_cave_pods, special_room [special_room_orc], uniq_urug,
          uniq_gastronok
D:12:     layout_loops_ring, uniq_fannar, uniq_josephine
D:13:     layout_stronghold, erik_vaults_2, gauntlet_entry_generic,
          hangedman_feature_mirror, hangedman_decor_riveting
D:14:     layout_basic, kennysheep_big_empty_room, serial_co_window_serial,
          co_window_of_opportunity_a, co_window_paths_b,
          co_window_of_opportunity_a, co_window_corner_a, co_window_cross_1,
          co_window_paths_b, co_window_corner_a, co_window_broadway_b,
          co_window_unsneaky_path_d, co_window_2corner, glass_columns_a
D:15:     gammafunk_depths_entry_grave, layout_loops_ring, serial_shops, shop,
          special_room [special_room_orc], kennysheep_pointless_box,
          guppyfry_shop_earth, uniq_louise, uniq_roxanne
Temple:   eino_narrow_crystal_temple
Lair:1:   layout_cave_pods, serial_bayou_shore_b
Lair:2:   nzn_winding_woodlands_three_and_one
          [nzn_winding_woodlands_5x15_lazy_stream,
          nzn_winding_woodlands_5x15_jagged, nzn_winding_woodlands_5x15_pool,
          nzn_winding_woodlands_center_garden], layout_cave_pods, uniq_sonja
Lair:3:   layout_big_grid, palyth_hydra_swamp_entry,
          nicolae_quartered_pool_medium, infiniplex_staircase_pool
Lair:4:   layout_roguey, minmay_snake_entry_six_corridors,
          chequers_serial_rivers_marsh, st_stairs_10
Lair:5:   layout_gridlike, minmay_slime_entry_pillars, patterned_corridor,
          serial_bayou_shore_b, serial_bayou_shore_a
Lair:6:   evilmike_catoblepas_cave, layout_long_grid,
          nicolae_volcano_entry_s_turn
Swamp:1:  layout_falls_marsh, serial_swamp_ruin, evilmike_swamp_ruin_house_5,
          evilmike_swamp_ruin_rubble_1, hangedman_swamp_ruin_wall, swamp_pool5
Swamp:2:  nicolae_swamp_secret_spriggan_hideout, layout_falls_marsh,
          lemuel_altar_in_water, swamp_pool3
Swamp:3:  layout_basic_swamp, nicolae_swamp_tree_designs,
          cheibrodos_swamp_minitomb
Orc:1:    layout_caves, serial_shops, nicolae_shop_trees, nicolae_orc_lava_room
Orc:2:    pf_orc_diabolical, layout_caves

Skill      XL: |  1  2  3  4  5  6  7  8  9 10 11 12 13 14 15 16 17 |
---------------+----------------------------------------------------+-----
Stealth        | 5 6 7 8 9 11 12 14 15 16 17 18 | 18.7
Short Blades   | 2 3 4 5 6 7 8 9 10 | 10.0
Spellcasting   | 4 5 6 |  6.0
Hexes          | 5 8 10 12 13 14 15 | 15.0
Dodging        | 3 7 9 10 12 13 15 16 17 | 17.7
Fighting       | 1 4 5 6 7 8 |  8.9
Shields        | 3 5 7 |  7.2
Invocations    | 2 4 7 10 12 13 | 13.6
Evocations     | 6 |  6.9
Air Magic      | 1 |  1.6
Necromancy     | 1 |  1.6

Action                   |  1- 3 |  4- 6 |  7- 9 | 10-12 | 13-15 | 16-18 || total
-------------------------+-------+-------+-------+-------+-------+-------++-------
Melee: Dagger            |   131 |   142 |     4 |     5 |     5 |       ||   287
       Quick blade       |       |    38 |   235 |   754 |  1715 |   392 ||  3134
Throw: Stone             |       |     1 |       |     4 |    49 |     5 ||    59
 Cast: Ensorcelled Hiber |    29 |    24 |    25 |    79 |   189 |    27 ||   373
       Confusing Touch   |       |       |     8 |    16 |    56 |    32 ||   112
       Tukima's Dance    |       |       |     6 |    59 |    36 |     4 ||   105
       Dazzling Flash    |       |       |       |       |     6 |       ||     6
Invok: Shadow Step       |       |       |       |     2 |       |       ||     2
Evoke: Wand              |       |       |       |     1 |     5 |       ||     6
  Use: Scroll            |     1 |     9 |     6 |     6 |    10 |     7 ||    39
       Potion            |       |       |       |     1 |     1 |     5 ||     7
 Stab: Sleeping          |    12 |    24 |    20 |    61 |   174 |    45 ||   336
       Confused          |       |       |     5 |    16 |    65 |    35 ||   121
       Distracted        |       |       |     2 |       |     8 |     1 ||    11
       Invisible         |       |       |       |       |     9 |       ||     9
Armor: Robe              |     9 |    14 |    19 |    10 |       |       ||    52
       Acid dragon scale |       |       |       |    32 |    86 |    20 ||   138
Dodge: Dodged            |    91 |   105 |    88 |   329 |   574 |   125 ||  1312
Block: Buckler           |       |       |    41 |   153 |   246 |    56 ||   496

Table legend: (Time is in decaauts)
 A = Elapsed time spent in this place.
 B = Non-inter-level travel time spent in this place.
 C = Inter-level travel time spent in this place.
 D = Time resting spent in this place.
 E = Time spent auto-exploring this place.
 F = Levels seen in this place.
 G = Mean time per level.
                   A        B        C        D        E       F      G
               +--------+--------+--------+--------+--------+-----+--------+
         Total |  31756 |  29982 |   1774 |   3904 |  19220 |  29 | 1095.0 |
       Dungeon |  16902 |  15951 |    951 |   1166 |  11365 |  15 | 1126.8 |
        Temple |    137 |    128 |      9 |      0 |    122 |   1 |  137.0 |
          Lair |   7499 |   6943 |    556 |    586 |   4978 |   6 | 1249.8 |
         Swamp |   1987 |   1892 |     95 |    557 |    757 |   3 |  662.3 |
  Orcish Mines |   3249 |   3089 |    160 |    878 |   1384 |   2 | 1624.5 |
        Bailey |   1379 |   1379 |      0 |    504 |    398 |   1 | 1379.0 |
      Gauntlet |    601 |    601 |      0 |    212 |    214 |   1 |  601.0 |
               +--------+--------+--------+--------+--------+-----+--------+

Top non-repeatable levels by time:
   Orc:2: 2657 daAuts
    D:10: 2406 daAuts
     D:1: 2259 daAuts
    D:11: 1905 daAuts
  Lair:6: 1548 daAuts
  Bailey: 1379 daAuts
  Lair:2: 1361 daAuts
  Lair:1: 1284 daAuts
  Lair:3: 1281 daAuts
  Lair:5: 1233 daAuts
     D:6: 1152 daAuts
     D:9: 1126 daAuts
    D:15: 960 daAuts
    D:13: 910 daAuts
     D:2: 901 daAuts
